 Dungeon Crawl Stone Soup version 0.26-a0-712-ga5a9c9c9d0 (webtiles) character file.

Game seed: 13787100561802947063

10198 Azzok the Cleaver (level 11, -3/87 HPs)
             Began as a Demonspawn Berserker on Nov 4, 2020.
             Was a High Priest of Trog.
             Slain by a very large slime creature (20 damage)
             ... on level 13 of the Dungeon.
             The game lasted 00:15:56 (9348 turns).

Azzok the Cleaver (Demonspawn Berserker)            Turns: 9348, Time: 00:15:57

Health: -3/87      AC: 19    Str: 20    XL:     11   Next: 33%
Magic:  11/11      EV:  9    Int:  8    God:    Trog [*****.]
Gold:   1722       SH:  5    Dex: 14    Spells: 10/10 levels left

rFire    + . .     SeeInvis +   O - +4 broad axe (vorpal)
rCold    . . .     Faith    .   h - +0 buckler
rNeg     . . .     Spirit   .   d - +0 plate armour
rPois    .         Reflect  .   j - +0 helmet
rElec    .         Harm     .   B - +0 cloak
rCorr    .         Rampage  .   (no gloves)
MR       .....                  z - +0 pair of boots
Stlth    ..........             o - amulet of regeneration
HPRegen  1.64/turn              I - ring of protection from fire
MPRegen  0.12/turn              w - ring of see invisible

@: berserk cooldown
A: claws 1, powered by death 1, rot immunity, sharp scales 2
a: Berserk, Trog's Hand, Brothers in Arms, Renounce Religion


You were on level 13 of the Dungeon.
You worshipped Trog.
Trog was extremely pleased with you.
You visited 1 branch of the dungeon, and saw 13 of its levels.
You also visited: Ossuary and Bailey.

You collected 1722 gold pieces.

Inventory:

Hand Weapons
 D - a +2 broad axe of venom
 N - the +9 hand axe of Putrescence {flame, Str+3}
   (Trog gifted it to you on level 8 of the Dungeon)

   It has been specially enchanted to burn those struck by it, causing extra
   injury to most foes and up to half again as much damage against particularly
   susceptible opponents.
   Big, fiery blades are also staple armaments of hydra-hunters.
   It affects your strength (+3).
 O - a +4 vorpal broad axe (weapon)
Missiles
 S - 2 throwing nets (quivered)
Armour
 d - a +0 plate armour (worn)
 h - a +0 buckler (worn)
 j - a +0 helmet (worn)
 z - a +0 pair of boots (worn)
 B - a +0 cloak (worn)
Jewellery
 m - an uncursed ring of flight
 o - an amulet of regeneration (around neck)
 u - an uncursed ring of ice
 w - a ring of see invisible (right claw)
 I - a ring of protection from fire (left claw)
Wands
 F - a wand of paralysis (19)
 H - a wand of disintegration (26)
 J - a wand of flame (21)
 P - a wand of acid (29)
 Q - a wand of digging (11)
Scrolls
 a - a scroll of torment
 b - 5 scrolls of blinking {unknown}
 c - 3 scrolls of noise {unknown}
 g - 3 scrolls of random uselessness {unknown}
 k - 3 scrolls of fog {unknown}
 r - 9 scrolls of remove curse {unknown}
 s - 3 scrolls of amnesia {unknown}
 t - 2 scrolls of immolation
 x - a scroll of enchant armour {unknown}
 y - 5 scrolls of enchant weapon
 E - 4 scrolls of fear
 K - 5 scrolls of teleportation
 L - 2 scrolls of magic mapping
Potions
 e - 5 potions of flight
 i - 3 potions of lignification
 l - 8 potions of curing
 n - 3 potions of berserk rage
 p - a potion of cancellation
 q - 2 potions of ambrosia
 v - 3 potions of brilliance
 A - 2 potions of heal wounds
 C - a potion of magic
 G - 2 potions of mutation {!q}
 M - a potion of haste
 U - a potion of resistance


   Skills:
 + Level 8.3 Fighting
 * Level 10.5 Axes
 + Level 7.3 Armour
 + Level 7.3 Dodging
 - Level 4.0 Shields


You had 10 spell levels left.
You didn't know any spells.
Your spell library was empty.

Dungeon Overview and Level Annotations

Branches:
Dungeon (14/15)            Temple (0/1) D:6             Orc (0/2) D:9
Ossuary (visited)          Bailey (visited)
   Lair: D:8-11      Vaults: D:13-14

Altars:
Nemelex Xobeh
Sif Muna
Wu Jian
Xom

Shops:
D:6 [   D:9 *


Innate Abilities, Weirdness & Mutations

You have sharp fingernails.
You regenerate a little health from kills.
You are immune to rotting.
You are mostly covered in razor-sharp scales. (AC +2, Slay +2)


Message History

You block the very large slime creature's attack.
The slime creature hits you.
* * * LOW HITPOINT WARNING * * *
You hit the slime creature.
The slime creature is almost dead.
You slash the very large slime creature!
You block the very large slime creature's attack.
You block the slime creature's attack.
You're still recovering from your berserk rage.
You slash the slime creature!
You kill the slime creature!
Trog accepts your kill.
You slash the very large slime creature!
The very large slime creature barely misses you.
The very large slime creature hits you.
* * * LOW HITPOINT WARNING * * *
You slash the very large slime creature!
The very large slime creature is heavily wounded.
The very large slime creature hits you!!
You die...

▒·▒ ▒·▒ ▒·▒ ▒·▒
▒▒╬▒▒▒▒ ▒·▒ ·······
▒▒▒▒'▒▒▒
·······▒▒▒▒▒▒▒▒······▒
······J▒······'······▒
·······@·▒▒▒▒▒▒······▒
·······▒▒▒ ▒······▒
······· ▒······▒
······· ▒······▒
······· ▒······▒
▒╬▒▒▒▒▒ ▒▒†▒▒▒▒▒ ▒·▒
▒·▒▒ ▒▒▒▒·▒▒▒▒▒▒▒ ▒··▒
▒····(·····▒ ▒▒·▒▒


You could see a very large slime creature.

Vanquished Creatures
  Erolcha (D:9)
  A two-headed ogre (D:9)
  2 orc knights (Bailey)
  Joseph (D:9)
  A troll (D:10)
  A slime creature (D:13)
  3 yaks (D:8)
  Eustachio (D:6)
  4 water moccasins
  A sky beast (D:10)
  A black bear (D:8)
  A hornet zombie (D:9)
  A phantom (D:10)
  2 ice beasts (D:8)
  7 orc warriors
  5 ogres
  A necrophage (D:9)
  5 centaurs
  2 big kobolds
  4 bullfrogs
  Blork the orc (D:5)
  A scorpion (D:9)
  10 wights
  10 killer bees
  A howler monkey (D:4)
  6 centaur zombies
  A quasit (D:10)
  7 orc priests
  5 jellies
  Crazy Yiuf (D:6)
  3 bullfrog zombies
  6 hounds
  14 orc wizards
  3 centaur skeletons
  3 iguanas
  Natasha (twice) (D:3)
  14 worker ants
  2 killer bee zombies
  5 hound zombies
  13 mummies
  A howler monkey zombie (D:10)
  3 worker ant zombies
  4 gnolls
  11 adders
  A shadow imp (D:7)
  A white imp (D:6)
  2 ufetubi
  3 adder skeletons
  5 adder zombies
  A worm (D:4)
  A dart slug (D:3)
  5 leopard geckos
  52 orcs
  4 bats
  6 giant cockroaches
  11 goblins
  6 hobgoblins
  13 jackals
  23 kobolds
  2 quokkas
  5 frilled lizards
  2 giant cockroach zombies (Ossuary)
  2 hobgoblin zombies (D:6)
  A jackal zombie (Ossuary)
  A kobold zombie (D:6)
  A leopard gecko skeleton (D:7)
  2 leopard gecko zombies (Ossuary)
  An orc zombie (D:6)
  3 quokka skeletons
  4 quokka zombies (Ossuary)
  9 rats
339 creatures vanquished.

Vanquished Creatures (others)
  6 plants
  A withered plant (Ossuary)
7 creatures vanquished.

Grand Total: 346 creatures vanquished

Notes
Turn   | Place    | Note
-------+----------+-------------------------------------------
     0 | D:1      | Azzok the Demonspawn Berserker began the quest for the Orb.
     0 | D:1      | Reached XP level 1. HP: 18/18 MP: 1/1
   369 | D:1      | Gained mutation: You are partially covered in razor-sharp
                  | scales. (AC +1, Slay +1) [demonic ancestry]
   369 | D:1      | Reached XP level 2. HP: 24/24 MP: 2/2
   873 | D:2      | Reached skill level 3 in Axes
  1470 | D:2      | Gained mutation: You are immune to rotting. [demonic
                  | ancestry]
  1470 | D:2      | Reached XP level 3. HP: 29/29 MP: 3/3
  1600 | D:2      | Reached skill level 1 in Shields
  1925 | D:3      | Reached ** piety under Trog
  1927 | D:3      | Reached XP level 4. HP: 35/35 MP: 4/4
  2284 | D:3      | Noticed Natasha
  2291 | D:3      | Killed Natasha
  2291 | D:3      | Gained mutation: You regenerate a little health from kills.
                  | [demonic ancestry]
  2291 | D:3      | Reached XP level 5. HP: 41/41 MP: 5/5
  2321 | D:3      | Noticed Natasha
  2332 | D:3      | Killed Natasha
  2584 | D:3      | Reached skill level 4 in Axes
  2893 | D:4      | Reached XP level 6. HP: 43/48 MP: 6/6
  3002 | D:4      | Reached *** piety under Trog
  3545 | D:5      | Entered Level 5 of the Dungeon
  3548 | D:5      | Noticed a water moccasin
  3563 | D:5      | Killed a water moccasin
  3563 | D:5      | Gained mutation: You are mostly covered in razor-sharp
                  | scales. (AC +2, Slay +2) [demonic ancestry]
  3563 | D:5      | Reached XP level 7. HP: 54/54 MP: 7/7
  3674 | D:5      | Reached skill level 5 in Axes
  3717 | D:5      | Noticed Blork the orc
  3724 | D:5      | Killed Blork the orc
  4009 | D:5      | Found a shimmering blue altar of Sif Muna.
  4062 | D:5      | Found an ornate altar of the Wu Jian Council.
  4346 | D:6      | Found a staircase to the Ecumenical Temple.
  4381 | D:6      | Noticed Eustachio
  4392 | D:6      | Killed Eustachio
  4392 | D:6      | Reached XP level 8. HP: 61/61 MP: 8/8
  4397 | D:6      | Found Bugex's Antique Armour Emporium.
  4665 | D:6      | Reached skill level 6 in Axes
  4941 | D:6      | Found a runed translucent door.
  4942 | D:6      | Noticed Crazy Yiuf
  4949 | D:6      | Killed Crazy Yiuf
  4949 | D:6      | Reached skill level 5 in Fighting
  5005 | D:7      | Reached **** piety under Trog
  5308 | D:7      | Found a sparkling altar of Nemelex Xobeh.
  5341 | D:7      | Reached ***** piety under Trog
  5569 | D:8      | Gained mutation: You have sharp fingernails. [demonic
                  | ancestry]
  5569 | D:8      | Reached XP level 9. HP: 68/68 MP: 9/9
  5574 | D:8      | Reached skill level 7 in Axes
  5783 | D:8      | Found a sand-covered staircase.
  5791 | Ossuary  | Entered an ossuary
  5887 | Ossuary  | Reached skill level 5 in Armour
  5895 | Ossuary  | Reached skill level 5 in Dodging
  6222 | D:8      | Received a gift from Trog
  6230 | D:8      | Got a dazzling hand axe {god gift}
  6266 | D:8      | Identified the +9 hand axe of Putrescence {flame, Str+3}
                  | (Trog gifted it to you on level 8 of the Dungeon)
  6290 | D:8      | Reached skill level 8 in Axes
  6851 | D:8      | Reached XP level 10. HP: 69/77 MP: 10/10
  7167 | D:9      | Found Zuoruzar's Assorted Antiques.
  7197 | D:9      | Found a flagged portal.
  7210 | D:9      | Found a staircase to the Orcish Mines.
  7258 | Bailey   | Entered a bailey
  7265 | Bailey   | Noticed an orc knight
  7288 | Bailey   | Noticed an orc knight
  7316 | Bailey   | Killed an orc knight
  7316 | Bailey   | Reached skill level 9 in Axes
  7392 | Bailey   | Killed an orc knight
  7875 | D:9      | Noticed Erolcha
  7888 | D:9      | Killed Erolcha
  7973 | D:9      | Noticed Joseph
  8023 | D:9      | Killed Joseph
  8030 | D:9      | Received a gift from Trog
  8170 | D:9      | Noticed a two-headed ogre
  8177 | D:9      | Killed a two-headed ogre
  8177 | D:9      | Reached skill level 10 in Axes
  8177 | D:9      | Reached XP level 11. HP: 68/86 MP: 11/11
  8507 | D:10     | Entered Level 10 of the Dungeon
  8686 | D:10     | Found a shimmering altar of Xom.
  8687 | D:10     | Found a shimmering altar of Xom.
  8775 | D:10     | Found a shimmering altar of Xom.
  8776 | D:10     | Found a shimmering altar of Xom.
  8776 | D:10     | Found a shimmering altar of Xom.
  9228 | D:11     | You fall into a shaft and drop 3 floors!
  9348 | D:13     | Slain by a very large slime creature

Illustrated notes

Levels and vault maps discovered:
D:1:      lightli_molten_gateway, layout_loops_ring, corexii_leaking_fountain,
          grunt_decor_resistance, serial_bayou_lagoon_a,
          hangedman_abyss_or_decor_stabs
D:2:      layout_basic
D:3:      minmay_door_path, layout_loops_ring, uniq_natasha
D:4:      layout_loops_ring, columned_hall_lemuel
D:5:      layout_loops_ring, lemuel_round_altar, basic_altar, uniq_blork_the_orc
D:6:      layout_loops_ring, minmay_temple_entry_slanted, serial_shops, shop,
          st_stairs_8, kennysheep_another_room, minmay_mini_ossuary,
          uniq_crazy_yiuf_cottage, uniq_eustachio
D:7:      layout_rooms, nemelex_spade_bored_becter
D:8:      layout_basic, nicolae_ossuary_entry_monument, kennysheep_kite_vault
D:9:      layout_stronghold, orc_0_dummy, serial_shops, shop_statue,
          enter_bailey_8, minmay_misc_feat_enclosed, minmay_checkerbox,
          uniq_joseph, uniq_erolcha
D:10:     layout_roguey, grunt_ogre_cave, xom_shifter_show
D:11:     layout_basic, david_lair_shrubbed, minivault_14, feat_on_display
D:13:     layout_roguey, uniq_jorgrun
D:14:     layout_basic, lightli_vaults_fourway_checkpoint, serial_shops,
          nicolae_shop_stone, minmay_misc_feat_columns, minivault_14

Skill      XL: |  1  2  3  4  5  6  7  8  9 10 11 |
---------------+----------------------------------+-----
Dodging        | 2 3 4 5 6 7 |  7.3
Axes           | 3 4 5 6 8 10 | 10.5
Armour         | 2 3 4 5 6 7 |  7.3
Shields        | 1 2 3 4 |  4.0
Fighting       | 4 5 6 8 |  8.3

Action                   |  1- 3 |  4- 6 |  7- 9 | 10-12 || total
-------------------------+-------+-------+-------+-------++-------
Melee: Hand axe          |    95 |   171 |   490 |    89 ||   845
       Broad axe         |       |       |       |   191 ||   191
       Unarmed           |       |       |       |     3 ||     3
Invok: Berserk           |     2 |     3 |    10 |     3 ||    18
Evoke: Wand              |       |       |       |     1 ||     1
  Use: Scroll            |       |       |     9 |    10 ||    19
       Potion            |       |       |       |     1 ||     1
Armor: Plate armour      |    59 |   101 |   271 |   158 ||   589
       Animal skin       |     3 |       |       |       ||     3
       Skin              |       |       |       |    10 ||    10
Dodge: Dodged            |    18 |    44 |   135 |   129 ||   326
Block: Buckler           |    14 |    24 |   101 |    63 ||   202

Table legend: (Time is in decaauts)
 A = Elapsed time spent in this place.
 B = Non-inter-level travel time spent in this place.
 C = Inter-level travel time spent in this place.
 D = Time resting spent in this place.
 E = Time spent auto-exploring this place.
 F = Levels seen in this place.
 G = Mean time per level.
                   A        B        C        D        E       F      G
               +--------+--------+--------+--------+--------+-----+--------+
         Total |   9559 |   9307 |    252 |    431 |   6614 |  15 |  637.3 |
       Dungeon |   8836 |   8584 |    252 |    372 |   6408 |  13 |  679.7 |
       Ossuary |    355 |    355 |      0 |      0 |     85 |   1 |  355.0 |
        Bailey |    366 |    366 |      0 |     59 |    120 |   1 |  366.0 |
               +--------+--------+--------+--------+--------+-----+--------+

Top non-repeatable levels by time:
     D:8: 1298 daAuts
     D:2: 1269 daAuts
     D:9: 989 daAuts
     D:3: 839 daAuts
     D:4: 834 daAuts
     D:6: 828 daAuts
     D:5: 722 daAuts
     D:1: 669 daAuts
    D:10: 645 daAuts
     D:7: 521 daAuts
  Bailey: 366 daAuts
 Ossuary: 355 daAuts
    D:13: 125 daAuts
    D:11: 87 daAuts
    D:14: 4 daAuts
